 Dungeon Crawl Stone Soup version 0.27-a0-1136-g0b992a5a9d (webtiles) character file.

Game seed: 8035236629417925094

8389 1player the Grappler (level 11, -13/109 HPs)
             Began as a Troll Abyssal Knight on May 5, 2021.
             Was an Elder of Lugonu.
             Mangled by a white ugly thing (25 damage)
             ... on level 11 of the Dungeon.
             The game lasted 00:19:55 (9108 turns).

1player the Grappler (Troll Abyssal Knight)         Turns: 9108, Time: 00:19:56

Health: -13/109    AC: 10    Str: 25    XL:     11   Next: 9%
Magic:  13/17      EV:  9    Int:  8    God:    Lugonu [****..]
Gold:   329        SH:  0    Dex:  9    Spells: 10/10 levels left

rFire    + . .     SeeInvis .     - Unarmed
rCold    . . .     Faith    .   (no shield)
rNeg     . . .     Spirit   .   C - +0 acid dragon scales
rPois    +         Reflect  .   F - +1 hat
rElec    .         Harm     .   n - +0 cloak
rCorr    +         Rampage  .   (gloves unavailable)
Will     .....                  (boots unavailable)
Stlth    +.........             B - amulet of regeneration
HPRegen  2.28/turn              i - ring of protection from fire
MPRegen  0.15/turn              j - ring of poison resistance

@: no status effects
A: large, unfitting armour, claws 3, regeneration 1, shaggy fur 1, tough skin 1
a: Renounce Religion, Depart the Abyss, Bend Space, Banish, Corrupt


You were on level 11 of the Dungeon.
You worshipped Lugonu.
Lugonu was greatly pleased with you.
You visited 2 branches of the dungeon, and saw 12 of its levels.
You visited the Abyss 1 time.

You collected 547 gold pieces.
You spent 218 gold pieces at shops.

Inventory:

Missiles
 s - 2 atropa-tipped darts
Armour
 n - a +0 cloak (worn)
 C - +0 acid dragon scales (worn)
 F - a +1 hat (worn)
 I - +0 swamp dragon scales
Jewellery
 i - a ring of protection from fire (left claw)
 j - a ring of poison resistance (right claw)
 m - a ring of fire
 v - a +6 ring of intelligence
 B - an amulet of regeneration (around neck)
 G - the amulet of Wihegum {+Blink rC- Will+ Regen+}
   (You found it on level 9 of the Dungeon)

   [amulet of regeneration]

   It makes you vulnerable to cold.
   It lets you blink.
   It increases your rate of health regeneration.
   It increases your willpower.
 M - a ring of wizardry
Wands
 L - a wand of digging (5)
Scrolls
 d - 3 scrolls of immolation
 h - 9 scrolls of teleportation
 y - 2 scrolls of blinking
 A - 2 scrolls of brand weapon
 K - a scroll of amnesia {unknown}
 N - a scroll of silence {unknown}
Potions
 c - 4 potions of curing {@q1}
 l - a potion of magic
 p - 3 potions of haste
 q - a potion of invisibility {unknown}
 r - 2 potions of attraction {unknown}
 t - 2 potions of mutation {!q}
 w - 2 potions of heal wounds {@q2}
 x - 2 potions of brilliance
 z - 2 potions of lignification
 E - a potion of might {unknown}
 J - 2 potions of flight
Miscellaneous
 H - a phantom mirror


   Skills:
 + Level 7.6 Fighting
 - Level 1.9 Dodging
 + Level 10.4 Unarmed Combat
 + Level 10.2 Invocations


You had 10 spell levels left.
You didn't know any spells.
Your spell library contained the following spells:

 Spells                   Type           Power      Damage    Failure   Level
 Animate Skeleton         Necr           0%         N/A       47%         1
 Apportation              Tloc           0%         N/A       47%         1
 Corona                   Hex            0%         N/A       47%         1
 Shock                    Conj/Air       0%         1d3       47%         1
 Summon Small Mammal      Summ           0%         N/A       47%         1
 Static Discharge         Conj/Air       0%         N/A       63%         2
 Swiftness                Air            0%         N/A       85%         3
 Airstrike                Air            0%         N/A       99%         4
 Lightning Bolt           Conj/Air       0%         1d11      100%        5


Dungeon Overview and Level Annotations

Branches:
Dungeon (11/15)            Temple (1/1) D:7             Orc (0/2) D:11
   Lair: D:8-11

Altars:
Ashenzari
Cheibriados
Dithmenos
Elyvilon
Fedhas
Gozag
Hepliaklqana
Kikubaaqudgha
Makhleb
Nemelex Xobeh
Okawaru
Ru
Sif Muna
Trog
Uskayaw
Vehumet
Wu Jian
Xom
Yredelemnul
Zin
The Shining One

Shops:
D:1 ([(**   D:5 *   D:8 ?!

Annotations:
D:4 1 runed translucent door, 1player's ghost, amateur OgDe
Abyss:1 Duvessa


Innate Abilities, Weirdness & Mutations

You are too large for most types of armour.
You have claws for hands.
Your natural rate of healing is unusually fast.
You are covered in fur. (AC +1)
You have tough skin. (AC +1)


Message History

The vampire mosquito bites you but does no damage.
You mangle the vampire mosquito!!
You destroy the vampire mosquito!
Lugonu accepts your kill.
The vampire mosquito bites you but does no damage.
You closely miss the vampire mosquito.
The vampire mosquito is lightly damaged.
The vampire mosquito bites you.
The vampire mosquito draws strength from your injuries!
You claw the vampire mosquito! Your claw misses the vampire mosquito.
The vampire mosquito is heavily damaged.
The vampire mosquito barely misses you.
The vampire mosquito bites you but does no damage.
You barely miss the vampire mosquito.
The vampire mosquito is heavily damaged.
The vampire mosquito bites you.
The vampire mosquito draws strength from your injuries!
You miss the vampire mosquito. Your claw misses the vampire mosquito.
The vampire mosquito is moderately damaged.
The vampire mosquito bites you.
The vampire mosquito draws strength from your injuries!
You mangle the white ugly thing!!
The white ugly thing is moderately wounded.
You barely miss the white ugly thing.
The white ugly thing is moderately wounded.
The white ugly thing tentacle-slaps you!
The white ugly thing freezes you!!
You barely miss the white ugly thing.
The white ugly thing is moderately wounded.
The white ugly thing tentacle-slaps you!
The white ugly thing freezes you!!
* * * LOW HITPOINT WARNING * * *
Okay, then.
Press: ? - help, Shift-Dir - straight line, f - white ugly thing
Aim: a white ugly thing (moderately wounded, chance to affect: 74%)
The white ugly thing struggles to resist.
The white ugly thing tentacle-slaps you!
* * * LOW HITPOINT WARNING * * *
The white ugly thing freezes you!!
You die...

##.(.. #...........#
..........# #...........#
####....... ............#
...#......# ########....#
...#......# .......'....#
...#......+ .......#....#
#'##......# .......#....#
..........##########..###
##..............@uyy..#
.#..........#''####...########
.#..........#....(#....[.....#
.#..........#.....#..........#
.#..........#.....#.....^....#
.#..........#.....#..........#
.#..........#...###..........#
.#..........##### .........).#
.#........... ............#


You could see a white ugly thing and 2 vampire mosquitoes.

Vanquished Creatures
  A centaur warrior (D:9)
  An ugly thing (D:9)
  A cyclops (D:9)
  An unseen horror (D:11)
  A komodo dragon (D:11)
  2 trolls
  A shadow (D:11)
  5 yaks (D:11)
  A vampire mosquito (D:11)
  A water moccasin (D:7)
  4 acid dragons
  2 ice beasts
  4 orc warriors
  A necrophage (D:6)
  4 ogres
  A phantom (D:7)
  A kobold brigand (D:6)
  A gnoll sergeant (D:8)
  4 bullfrogs
  A wyvern zombie (D:5)
  4 scorpions
  Dowan (D:6)
  6 killer bees (D:9)
  2 howler monkeys (D:7)
  2 bullfrog zombies
  6 centaur zombies
  4 hounds
  6 orc priests
  3 jellies
  3 centaur skeletons (D:7)
  Jessica (D:2)
  5 iguanas
  4 orc wizards
  2 howler monkey zombies
  7 adders
  9 gnolls (D:8)
  2 shadow imps (D:6)
  2 white imps (D:7)
  3 worms (D:2)
  3 dart slugs
  19 orcs
  7 ball pythons
  9 endoplasms
  5 goblins
  6 hobgoblins
  7 jackals
  3 quokkas
  7 bats
  6 frilled lizards
  12 kobolds
  5 rats (D:1)
199 creatures vanquished.

Vanquished Creatures (others)
  23 plants
23 creatures vanquished.

Grand Total: 222 creatures vanquished

Notes
Turn   | Place    | Note
-------+----------+-------------------------------------------
     0 | Abyss:1  | 1player the Troll Abyssal Knight began the quest for the
                  | Orb.
     0 | Abyss:1  | Reached XP level 1. HP: 22/22 MP: 1/1
     7 | Abyss:1  | Noticed a large abomination
    36 | Abyss:1  | Noticed a starcursed mass
    38 | D:1      | Escaped the Abyss
   108 | D:1      | Reached * piety under Lugonu
   109 | D:1      | Found Vali's Assorted Antiques.
   109 | D:1      | Found Yroimeam's General Store.
   126 | D:1      | Reached XP level 2. HP: 29/29 MP: 2/2
   162 | D:1      | Bought a scroll of identify for 26 gold pieces
   209 | D:1      | Found Zerivul's Antique Weapon Shop.
   223 | D:1      | Found Vaomn's Armour Shoppe.
   282 | D:1      | Found Ylu Uty's Weapon Boutique.
   363 | D:1      | Reached XP level 3. HP: 36/36 MP: 3/3
   463 | D:2      | Noticed Jessica
   774 | D:2      | Killed Jessica
   774 | D:2      | Reached ** piety under Lugonu
   775 | D:2      | Reached XP level 4. HP: 44/44 MP: 4/4
   839 | D:2      | Noticed a bullfrog
  1008 | D:2      | Reached skill level 5 in Unarmed Combat
  1423 | D:2      | Killed a bullfrog
  1424 | D:2      | Reached XP level 5. HP: 29/50 MP: 5/5
  1563 | D:1      | Bought a scroll labelled OCANWI IWIGAPS for 22 gold pieces
  1563 | D:1      | Bought a scroll labelled OCANWI IWIGAPS for 22 gold pieces
  1642 | D:3      | You fall into a shaft and drop 1 floor!
  1900 | D:3      | Found a faded altar of an unknown god.
  2154 | D:4      | Noticed an ogre
  2409 | D:4      | Found a runed translucent door.
  2409 | D:4      | Noticed 1player's ghost (amateur OgDe)
  2575 | D:4      | Reached XP level 6. HP: 59/59 MP: 6/6
  3237 | D:5      | Entered Level 5 of the Dungeon
  3298 | D:4      | Reached XP level 7. HP: 66/66 MP: 9/9
  3301 | D:4      | Reached skill level 5 in Invocations
  3393 | D:5      | Found Foolib's Fabulous Fripperies.
  3607 | D:5      | Identified the +1 ring mail "Jodej" {Dex+4 Slay+2}
  3814 | D:6      | Noticed Dowan
  3830 | D:6      | Killed Dowan
  4063 | D:6      | Reached *** piety under Lugonu
  4078 | D:6      | Reached XP level 8. HP: 69/75 MP: 11/11
  4626 | D:6      | Reached skill level 5 in Fighting
  4679 | D:6      | Noticed Duvessa
  4683 | D:6      | Banished Duvessa
  4735 | D:6      | Found a burning altar of Makhleb.
  5063 | D:7      | Reached XP level 9. HP: 65/89 MP: 12/12
  5106 | D:7      | Found a staircase to the Ecumenical Temple.
  5316 | Temple   | Entered the Ecumenical Temple
  6353 | D:8      | Found a glowing golden altar of the Shining One.
  6359 | D:8      | Found a bloodstained altar of Trog.
  6362 | D:8      | Found a shadowy altar of Dithmenos.
  6380 | D:8      | Found a shimmering altar of Xom.
  6381 | D:8      | Found a snail-covered altar of Cheibriados.
  6381 | D:8      | Found a hide-covered altar of Uskayaw.
  6381 | D:8      | Found a broken altar of Ashenzari.
  6381 | D:8      | Found an opulent altar of Gozag.
  6382 | D:8      | Found a basalt altar of Yredelemnul.
  6384 | D:8      | Found an iron altar of Okawaru.
  6385 | D:8      | Found an ancient bone altar of Kikubaaqudgha.
  6558 | D:8      | Found Aguaqase's Magic Scroll Boutique.
  6562 | D:8      | Bought a scroll of blinking for 112 gold pieces
  6681 | D:8      | Found Winihavi's Distillery.
  6689 | D:8      | Bought a potion of lignification for 36 gold pieces
  6703 | D:8      | Reached **** piety under Lugonu
  7504 | D:9      | Noticed a cyan ugly thing
  7507 | D:9      | Noticed a boulder beetle
  7521 | D:9      | Killed a cyan ugly thing
  7522 | D:9      | Reached XP level 10. HP: 98/98 MP: 11/15
  7568 | D:9      | Banished a boulder beetle
  7638 | D:9      | Noticed a centaur warrior
  7653 | D:9      | Killed a centaur warrior
  7660 | D:9      | Identified the amulet of Wihegum {+Blink rC- Will+ Regen+}
  7693 | D:9      | Noticed a cyclops
  7720 | D:9      | Killed a cyclops
  7907 | D:10     | Entered Level 10 of the Dungeon
  8587 | D:11     | Reached skill level 10 in Unarmed Combat
  8596 | D:11     | Identified the +5 ring mail "Urghatoja" {Str+4}
  8829 | D:11     | Reached skill level 10 in Invocations
  9039 | D:11     | Found a staircase to the Orcish Mines.
  9051 | D:11     | Reached XP level 11. HP: 107/109 MP: 17/17
  9092 | D:11     | Noticed a white ugly thing
  9108 | D:11     | Mangled by a white ugly thing

Illustrated notes

Levels and vault maps discovered:
D:1:      psy_arrival_whirlpool, layout_rooms, serial_shops, nicolae_shop_stone,
          nicolae_shop_overgrown_old_shop,
          nicolae_shop_competitors_out_of_business, shop, shop
D:2:      minmay_recursive_quarters, layout_loops_ring, minmay_ruptured,
          uniq_jessica
D:3:      layout_rooms, chequers_ecumenical_altar_simple_redux
D:4:      layout_basic, gammafunk_ghost_grave
D:5:      layout_rooms, nicolae_alphabet_shops, minmay_misc_feat_pillars,
          small_statue_intersection, minmay_between
D:6:      layout_loops_corners, marbit_many_paths, uniq_duvessa
D:7:      layout_basic, minmay_temple_entry_slanted
D:8:      layout_cave_pools, minitemple, serial_gnoll_camp,
          gnoll_camp_mini_doghouse, gnoll_camp_mini_shop, gnoll_camp_mini_basic,
          gnoll_camp_mini_shop, serial_bayou_lagoon_a, wad_dig_loot
D:9:      layout_gridville, minmay_diamond_spiral
D:10:     layout_basic, nicolae_overflow_hidden_temple
D:11:     layout_irregular_city, lair_entry_dummy, orc_0_dummy,
          hangedman_abyss_or_decor_lesser_grid
Temple:   compressed_dpeg_triangle_lava_temple

Skill      XL: |  1  2  3  4  5  6  7  8  9 10 |
---------------+-------------------------------+-----
Unarmed Combat | 3 4 5 6 7 9 10 | 10.4
Invocations    | 2 4 6 8 10 | 10.2
Fighting       | 3 6 7 |  7.6
Dodging        | |  1.9

Action                   |  1- 3 |  4- 6 |  7- 9 | 10-12 || total
-------------------------+-------+-------+-------+-------++-------
Melee: Unarmed           |    91 |    93 |   325 |   137 ||   646
       Punch             |     3 |       |    10 |     4 ||    17
Invok: Depart the Abyss  |     1 |       |       |       ||     1
       Bend Space        |       |       |     1 |       ||     1
       Banish            |       |       |     2 |     3 ||     5
  Use: Scroll            |     1 |     5 |     7 |     2 ||    15
       Potion            |       |       |     5 |       ||     5
 Stab: Sleeping          |       |       |     1 |       ||     1
Armor: Robe              |    31 |    26 |    96 |       ||   153
       Skin              |       |       |    69 |       ||    69
       Acid dragon scale |       |       |    19 |    82 ||   101
Dodge: Dodged            |    44 |    25 |   143 |    46 ||   258

Table legend: (Time is in decaauts)
 A = Elapsed time spent in this place.
 B = Non-inter-level travel time spent in this place.
 C = Inter-level travel time spent in this place.
 D = Time resting spent in this place.
 E = Time spent auto-exploring this place.
 F = Levels seen in this place.
 G = Mean time per level.
                   A        B        C        D        E       F      G
               +--------+--------+--------+--------+--------+-----+--------+
         Total |   9062 |   8474 |    588 |    752 |   5898 |  13 |  697.1 |
       Dungeon |   8780 |   8209 |    571 |    752 |   5666 |  11 |  798.2 |
        Temple |    243 |    226 |     17 |      0 |    225 |   1 |  243.0 |
         Abyss |     38 |     38 |      0 |      0 |      7 |   1 |   38.0 |
               +--------+--------+--------+--------+--------+-----+--------+

Top non-repeatable levels by time:
     D:4: 1218 daAuts
     D:6: 1107 daAuts
     D:2: 1081 daAuts
     D:7: 1000 daAuts
     D:9: 966 daAuts
     D:8: 775 daAuts
    D:10: 663 daAuts
    D:11: 515 daAuts
     D:5: 514 daAuts
     D:3: 478 daAuts
     D:1: 460 daAuts
  Temple: 243 daAuts
 Abyss:1: 38 daAuts
